 Dungeon Crawl Stone Soup version 0.31-a0-16-g6d2539766c (webtiles) character file.

Game seed: 10976334159094553074

130 Mickster the Chopper (level 5, 0/70 HPs)
             Began as a Hill Orc Berserker on May 9, 2023.
             Was a Believer of Trog.
             Slain by a jelly (3 damage)
             ... on level 4 of the Dungeon.
             The game lasted 00:21:46 (2081 turns).

Mickster the Chopper (Hill Orc Berserker)           Turns: 2081, Time: 00:21:47

Health: 0/70       AC: -4    Str: 22    XL:     5   Next: 13%
Magic:  5/5        EV: 10    Int:  7    God:    Trog [**....]
Gold:   49         SH:  3    Dex: 10    Spells: 4/4 levels left

rFire   + . .        a - +1 hand axe
rCold   . . .        d - +0 buckler
rNeg    . . .        h - +0 scale mail
rPois   .            g - +1 hat
rElec   .            (no cloak)
rCorr   .            (no gloves)
SInv    .            (no boots)
Will    .....        (no amulet) Stlth
                     j - ring of protection from fire
HPRegen 0.31/turn    (no ring)
MPRegen 0.09/turn

%: no passive effects
@: berserking, corroded, very quick
A: no striking features
a: Renounce Religion, Berserk, Trog's Hand


You were on level 4 of the Dungeon.
You worshipped Trog.
Trog was pleased with you.
You visited 1 branch of the dungeon, and saw 4 of its levels.

You collected 129 gold pieces.
You spent 80 gold pieces at shops.

Inventory:

Hand Weapons
 a - a +1 hand axe (weapon)
 f - a +0 shortbow
 k - a +2 dagger of speed
 m - a +2 whip of electrocution
Missiles
 c - 8 poisoned darts (quivered)
Armour
 d - a +0 buckler (worn)
 g - a +1 hat (worn)
 h - a +0 scale mail (worn)
 l - a scarf of harm
Jewellery
 j - a ring of protection from fire (left hand)
Wands
 b - a wand of flame (8)
Scrolls
 e - a scroll of teleportation
 i - a scroll of identify


   Skills:
 + Level 4.8 Fighting
 * Level 6.0 Axes
 + Level 2.5 Armour
 + Level 1.9 Dodging
 + Level 0.1 Stealth
 + Level 0.1 Shields


You had 4 spell levels left.
You didn't know any spells.
Your spell library was empty.

Dungeon Overview and Level Annotations

Branches:
Dungeon (4/15)
 Temple: D:4-7

Altars:
Kikubaaqudgha
Sif Muna
Vehumet

Shops:
D:3 *[?(


Message History

The endoplasm freezes you.
You are frozen.
You see here 12 gold pieces.
You hit the endoplasm.
The endoplasm is heavily wounded.
The endoplasm freezes you.
You are frozen.
You hit the endoplasm.
You kill the endoplasm!
Trog accepts your kill.
You now have 49 gold pieces (gained 12).
You see here a +2 whip of electrocution.
m - a +2 whip of electrocution You see here a +0 short sword.
A jelly comes into view.
Found 13 gold pieces.
You block the jelly's attack.
You hit the jelly.
Your hands burn!
The jelly is lightly wounded.
The jelly closely misses you.
You hit the jelly. The acid corrodes you!
Your hands burn!
The jelly is moderately wounded.
The jelly hits you.
You are splashed with acid!
You hit the jelly. The acid corrodes you!
Your hands burn!
The jelly is severely wounded.
The jelly hits you. The acid corrodes you!
You are splashed with acid!
You hit the jelly.
Your hands burn!
* * * LOW HITPOINT WARNING * * *
The jelly is severely wounded.
The jelly closely misses you.
You hit the jelly but do no damage.
Your hands burn!
* * * LOW HITPOINT WARNING * * *
The jelly is severely wounded.
The jelly hits you.
* * * LOW HITPOINT WARNING * * *
You are splashed with acid!
* * * LOW HITPOINT WARNING * * *
A red film seems to cover your vision as you go berserk!
You feel yourself moving faster!
You feel mighty! The jelly hits you.
You die...

.................# #
######...........#..
#.#.........#.# ###
#.#.........#.#....
#)...#......#.#...#
#.....##.........###
.........###...........
#.......###
####...##### #......##
#@..# #......# #J..#
..#....# #...# ........
#...# ##..< ..## #...#
##.## ... #...#
#8.8##..# #..$#
......#.# #...#
#8.8#...#


You could see a jelly.

Vanquished Creatures
  Terence (D:3)
  An iguana (D:4)
  3 adders
  2 worms
  3 dart slugs
  3 ball pythons
  4 endoplasms
  2 giant cockroaches
  7 goblins
  3 hobgoblins
  2 jackals (D:2)
  3 kobolds
  2 bats (D:1)
  4 frilled lizards
  3 rats
43 creatures vanquished.

Notes
Turn   | Place    | Note
-------+----------+-------------------------------------------
     0 | D:1      | Mickster the Hill Orc Berserker began the quest for the
                  | Orb.
     0 | D:1      | Reached XP level 1. HP: 19/19 MP: 1/1
    53 | D:1      | Reached XP level 2. HP: 21/27 MP: 2/2
   761 | D:2      | Reached XP level 3. HP: 34/34 MP: 3/3
   917 | D:2      | Reached skill level 5 in Axes
  1188 | D:3      | Found Riytak's Armour Boutique.
  1204 | D:3      | Reached ** piety under Trog
  1205 | D:3      | Reached XP level 4. HP: 39/41 MP: 4/4
  1253 | D:3      | Noticed Terence
  1261 | D:3      | Killed Terence
  1313 | D:3      | Found Xuystratt's Weapon Boutique.
  1357 | D:3      | Found a radiant altar of Vehumet.
  1357 | D:3      | Found an ancient bone altar of Kikubaaqudgha.
  1359 | D:3      | Found a shimmering blue altar of Sif Muna.
  1426 | D:3      | Found Mukafub's Assorted Antiques.
  1439 | D:3      | Bought a scroll labelled ARAPSYUTRA for 22 gold pieces
  1439 | D:3      | Bought a scroll labelled ETIEPE SIEMEGO for 22 gold pieces
  1512 | D:3      | Found a transporter.
  1512 | D:3      | Found Gegeffiw's Magic Scroll Shoppe.
  1516 | D:3      | Found a transporter.
  1521 | D:3      | Bought a scroll of teleportation for 36 gold pieces
  1815 | D:4      | Reached skill level 6 in Axes
  1815 | D:4      | Reached XP level 5. HP: 31/47 MP: 5/5
  2080 | D:4      | HP: 2/47 [acid (9)]
  2081 | D:4      | Slain by a jelly

Illustrated notes

Levels and vault maps discovered:
D:1:      enne_arrival_octagon_isle, layout_basic
D:2:      layout_loops_ring, grunt_ministairs_8, minmay_shallow_snake_nest
D:3:      layout_basic, grunt_temple_overflow_magic_moments, serial_shops, shop,
          shop, nicolae_shop_drivethru, shop, grunt_decor_clamped, uniq_terence
D:4:      layout_cave_pools, serial_co_window_serial,
          co_window_of_opportunity_a, co_window_corner_a, co_window_paths_b,
          co_window_paths_a, co_window_corner_a, co_window_broadway_a,
          co_window_2corner, co_window_unsneaky_path_e, co_window_2corner,
          co_window_of_opportunity_b, co_window_2corner, glass_columns_a,
          glass_columns_c, glass_columns_b, glass_columns_b, glass_columns_a,
          serial_shops, nicolae_shop_rolling_square, small_statue_intersection

Skill      XL: |  1  2  3  4 |
---------------+-------------+-----
Fighting       | 4 |  4.8
Axes           | 5 6 |  6.0
Armour         | |  2.5
Dodging        | |  1.9
Stealth        | |  0.1
Shields        | |  0.1

Action                     |  1- 3 |  4- 6 || total
---------------------------+-------+-------++-------
  Melee: Hand axe          |    85 |    45 ||   130
         Punch             |     1 |       ||     1
 Invoke: Berserk           |     1 |     2 ||     3
         Trog's Hand       |       |     1 ||     1
    Use: Potion            |     4 |       ||     4
         Scroll            |     3 |     2 ||     5
 Armour: Animal skin       |     2 |       ||     2
         Scale mail        |    36 |    13 ||    49
  Dodge: Dodged            |    46 |    16 ||    62
  Block: Buckler           |    13 |     5 ||    18

Table legend: (Time is in decaauts)
 A = Elapsed time spent in this place.
 B = Non-inter-level travel time spent in this place.
 C = Inter-level travel time spent in this place.
 D = Time resting spent in this place.
 E = Time spent auto-exploring this place.
 F = Levels seen in this place.
 G = Mean time per level.
                   A        B        C        D        E       F      G
               +--------+--------+--------+--------+--------+-----+--------+
         Total |   2111 |   2023 |     88 |    583 |      0 |   4 |  527.8 |
       Dungeon |   2111 |   2023 |     88 |    583 |      0 |   4 |  527.8 |
               +--------+--------+--------+--------+--------+-----+--------+

Top non-repeatable levels by time:
     D:1: 760 daAuts
     D:3: 514 daAuts
     D:2: 440 daAuts
     D:4: 395 daAuts
